 Dungeon Crawl Stone Soup version 0.30-a0-1103-g25895a7845 (webtiles) character file.

Game seed: 1936087348234443016

158 jasper the Ruffian (level 5, -1/53 HPs)
             Began as a Troll Delver on Apr 18, 2023.
             Slain by a mummy (15 damage)
             ... in an ossuary.
             The game lasted 00:00:37 (149 turns).

jasper the Ruffian (Troll Delver)                    Turns: 149, Time: 00:00:37

Health: -1/53      AC:  6    Str: 20    XL:     5   Next: 16%
Magic:  4/4        EV: 10    Int:  8    God:
Gold:   0          SH:  0    Dex: 11    Spells: 4/4 levels left

rFire   . . .      SeeInvis .      - Unarmed
rCold   . . .      Faith    .    (no shield)
rNeg    . . .      Spirit   .    a - +0 robe
rPois   .          Reflect  .    i - +2 hat
rElec   .          Rampage  .    (no cloak)
rCorr   .                        (gloves unavailable)
Will    .....                    (boots unavailable)
Stlth   ++                       (no amulet)
HPRegen 1.08/turn                (no ring)
MPRegen 0.09/turn                (no ring)

@: no status effects
A: large, unfitting armour, claws 3, regeneration 1, shaggy fur 1, tough skin 1
a: no special abilities


You were in an ossuary.
You visited 1 branch of the dungeon, and saw 2 of its levels.
You also visited: Ossuary.

Inventory:

Armour
 a - a +0 robe (worn)
 i - a +2 hat (worn)
Wands
 f - a wand of digging (3)
 h - a wand of iceblast (3)
Scrolls
 b - a scroll of fog
 c - a scroll of magic mapping
 d - a scroll of fear
 g - a scroll of enchant armour {unknown}
Potions
 e - a potion of haste


   Skills:
 + Level 3.2 Fighting
 + Level 2.5 Dodging
 - Level 2.7 Stealth
 * Level 4.0 Unarmed Combat


You had 4 spell levels left.
You didn't know any spells.
Your spell library was empty.

Dungeon Overview and Level Annotations

Branches:
Dungeon (6/15)            Ossuary (1/1)
 Temple: D:4-7

Altars:
Okawaru


Innate Abilities, Weirdness & Mutations

You are too large for most types of armour.
You have claws for hands.
Your natural rate of healing is unusually fast.
You are covered in fur. (AC +1)
You have tough skin. (AC +1)


Message History

There is a sand-covered staircase here.
The world spins around you as you enter the gateway.
You enter an ossuary!
Found a gate leading back out of this place.
There is an empty arch of ancient stone here.
You scratch the mummy.
The mummy is lightly damaged.
The mummy hits you! x2; The mummy closely misses you.
You take 15 damage, and have 30/45 hp.
MASSIVE DAMAGE!!
You scratch the mummy.
The mummy is heavily damaged.
You scratch the mummy.
The mummy is severely damaged.
The mummy completely misses you. The mummy hits you.
The mummy barely misses you.
You barely miss the mummy.
The mummy is severely damaged.
The mummy closely misses you.
You scratch the mummy.
You destroy the mummy!
The mummy hits you!
Your Unarmed Combat skill increases to level 4!
You have reached level 5!
You take 13 damage, and have 19/53 hp.
MASSIVE DAMAGE!!
MP restored: 4 You scratch the mummy but do no damage.
The mummy barely misses you. The mummy hits you!
* * * LOW HITPOINT WARNING * * *
You take 6 damage, and have 13/53 hp.
You claw the mummy!
The mummy is severely damaged.
You claw the mummy!
You destroy the mummy!
The mummy hits you.
* * * LOW HITPOINT WARNING * * *
You take 1 damage, and have 13/53 hp.
You claw the mummy!
The mummy is heavily damaged.
The mummy hits you!
You die...

#
#.###########
..^.........##
^.........M..#
.^^..∩.∩..@..#
^............#
............##
#.###########
#


You could see a mummy.

Vanquished Creatures
  A scorpion (D:6)
  A howler monkey (D:6)
  An iguana (D:6)
  2 mummies (Ossuary)
  A shadow imp (D:6)
6 creatures vanquished.

Notes
Turn   | Place    | Note
-------+----------+-------------------------------------------
     0 | D:5      | jasper the Troll Delver began the quest for the Orb.
     0 | D:5      | Reached XP level 1. HP: 22/22 MP: 0/0
    15 | D:6      | Found an iron altar of Okawaru.
    27 | D:6      | Noticed a scorpion
    37 | D:6      | Killed a scorpion
    38 | D:6      | Reached skill level 3 in Unarmed Combat
    38 | D:6      | Reached XP level 2. HP: 15/29 MP: 1/1
    38 | D:6      | Reached XP level 3. HP: 18/36 MP: 2/2
    53 | D:6      | Reached XP level 4. HP: 17/45 MP: 3/3
   128 | D:6      | Found a sand-covered staircase.
   137 | Ossuary  | Entered an ossuary
   146 | Ossuary  | Reached skill level 4 in Unarmed Combat
   146 | Ossuary  | Reached XP level 5. HP: 19/53 MP: 4/4
   149 | Ossuary  | Slain by a mummy

Illustrated notes

Levels and vault maps discovered:
D:5:      layout_loops_ring, ebering_ghost_reflecting_pool, kennysheep_path_1,
          kennysheep_cross_room, chequers_serial_rivers_micro_b, st_stairs_4,
          nicolae_wormholes
D:6:      layout_loops_ring, okawaru_metal_pillars_1_2, dk_yredelemnul_ordeal,
          minmay_temple_entry_antechambers, enter_ossuary_1, uniq_blork_the_orc
Ossuary:  ossuary_the_hunt_dpeg

Skill      XL: |  1  2  3  4 |
---------------+-------------+-----
Dodging        | 2 |  2.5
Unarmed Combat | 3 4 |  4.0
Fighting       | 3 |  3.2
Stealth        | |  2.7

Action                     |  1- 3 |  4- 6 || total
---------------------------+-------+-------++-------
  Melee: Unarmed           |    13 |    22 ||    35
 Armour: Robe              |     5 |     2 ||     7
  Dodge: Dodged            |     2 |    13 ||    15

Table legend: (Time is in decaauts)
 A = Elapsed time spent in this place.
 B = Non-inter-level travel time spent in this place.
 C = Inter-level travel time spent in this place.
 D = Time resting spent in this place.
 E = Time spent auto-exploring this place.
 F = Levels seen in this place.
 G = Mean time per level.
                   A        B        C        D        E       F      G
               +--------+--------+--------+--------+--------+-----+--------+
         Total |    146 |    146 |      0 |     26 |     39 |   3 |   48.7 |
       Dungeon |    135 |    135 |      0 |     26 |     39 |   2 |   67.5 |
       Ossuary |     11 |     11 |      0 |      0 |      0 |   1 |   11.0 |
               +--------+--------+--------+--------+--------+-----+--------+

Top non-repeatable levels by time:
     D:6: 132 daAuts
 Ossuary: 11 daAuts
     D:5: 3 daAuts
